 Dungeon Crawl Stone Soup version 0.17-a0-1970-g7a13dd1 (webtiles) character file.

448847 brucemayne the Executioner (level 23, -2/195 HPs)
             Began as a Hill Orc Berserker on Oct 4, 2015.
             Was the Champion of the Shining One.
             Killed by divine providence
             ... invoked by a mummy priest
              (14 damage)
             ... on level 3 of the Tomb of the Ancients.
             The game lasted 03:29:02 (26760 turns).

brucemayne the Executioner (Hill Orc Berserker)    Turns: 26760, Time: 03:29:02

Health: -2/195     AC: 42    Str: 18 (24) XL:     23   Next: 54%
Magic:  31/34      EV:  7    Int:  8 (10) God:    the Shining One [******]
Gold:   1030       SH:  0    Dex: 10      Spells: 3 memorised, 23 levels left

rFire  + . .     SeeInvis .     s - +9 executioner's axe (holy)
rCold  + . .     Clarity  .     L - +2 gold dragon armour
rNeg   + + +     SustAt   .     (no shield)
rPois  +         Gourm    .     T - +2 helmet
rElec  .         Spirit   .     g - +3 cloak of Dithmenos's Favour {rN++ Str-3 Slay+3}
rCorr  .         Warding  .     r - +0 pair of gloves (curse)
rMut   .         Stasis   .     S - +2 pair of boots {run}
MR     ++...                    z - amulet of regeneration
Stlth  ..........               I - ring of protection from magic
                                v - +3 ring of protection

@: very slightly contaminated, hasted and slowed, glowing, studying Shields,
quick, very resistant to hostile enchantments, extremely unstealthy
A: frail 1
a: Divine Shield, Cleansing Flame, Summon Divine Warrior, Renounce Religion
}: 4/15 runes: decaying, slimy, silver, gossamer


You were on level 3 of the Tomb of the Ancients.
You worshipped the Shining One.
The Shining One was exalted by your worship.
You were not hungry.

You visited 10 branches of the dungeon, and saw 53 of its levels.
You also visited: Labyrinth and Volcano.

You collected 3749 gold pieces.
You spent 2719 gold pieces at shops.

Inventory:

Hand weapons
 s - a +9 executioner's axe of holy wrath (weapon)
Missiles
 E - 4 silver tomahawks (quivered)
Armour
 g - the +3 cloak of Dithmenos's Favour (worn) {rN++ Str-3 Slay+3}
   (You acquired it on level 2 of the Swamp)

   It affects your strength (-3).
   It affects your accuracy and damage with ranged weapons and melee attacks
   (+3).
   It greatly protects you from negative energy.
 r - a cursed +0 pair of gloves (worn)
 L - a +2 gold dragon armour (worn)
 S - a +2 pair of boots of running (worn)
 T - a +2 helmet (worn)
Jewellery
 v - a +3 ring of protection (left hand)
 y - the ring "Aluc Zum" {rElec rPois rF+ rC- Int-3}
   (You found it on level 6 of the Pits of Slime)

   [ring of protection from fire]

   It affects your intelligence (-3).
   It protects you from fire.
   It makes you vulnerable to cold.
   It insulates you from electricity.
   It protects you from poison.
 z - an amulet of regeneration (around neck)
 C - an uncursed amulet of resist mutation
 I - a ring of protection from magic (right hand)
 Q - an uncursed ring of teleportation
 Z - an uncursed ring of protection from cold
Magical devices
 b - a wand of heal wounds (4)
 j - a wand of confusion (21)
 n - a wand of teleportation (4)
 A - a wand of fireball (15)
 B - a wand of digging (5)
 H - a wand of teleportation (5)
 N - a wand of disintegration (12)
Scrolls
 c - 10 scrolls of remove curse
 q - 3 scrolls of identify
 u - a scroll of silence
 K - a scroll of fog
 V - a scroll of holy word
 W - 4 scrolls of teleportation
 Y - a scroll of recharging
Potions
 a - 2 potions of agility
 e - a potion of curing
 f - a potion of might
 k - a potion of flight
 U - 2 potions of cancellation
Books
 M - a manual of Shields
Miscellaneous
 m - a sack of spiders
 p - a phial of floods
Comestibles
 t - 7 bread rations
 X - 10 meat rations


   Skills:
 - Level 20.7 Fighting
 - Level 26.0 Axes
 - Level 20.1 Armour
 - Level 10.7 Dodging
 - Level 4.1 Spellcasting
 + Level 10.8 Translocations
 - Level 15.0 Invocations
 - Level 12.0 Evocations


You had 23 spell levels left.
You knew the following spells:

 Your Spells              Type           Power        Failure   Level  Hunger
a - Apportation           Tloc           ###.......   14%         1    #......
b - Blink                 Tloc           N/A          21%         2    ###....
c - Passage of Golubria   Tloc           N/A          96%         4    #####..


Dungeon Overview and Level Annotations

Branches:
Dungeon (15/15)            Temple (1/1) D:4            Lair (8/8) D:11
  Swamp (4/4) Lair:4       Spider (4/4) Lair:5        Slime (6/6) Lair:6
    Orc (4/4) D:9             Elf (0/3) Orc:4        Vaults (5/5) D:14
  Crypt (3/3) Vaults:2       Tomb (3/3) Crypt:3
 Depths: D:15

Altars:
Ashenzari
Cheibriados
Dithmenos
Fedhas
Gozag
Kikubaaqudgha
Makhleb
Nemelex Xobeh
Okawaru
Qazlal
Ru
Sif Muna
Trog
Vehumet
Xom
Yredelemnul
Zin
The Shining One
Beogh

Shops:
D:5 [   D:8 }   Orc:4 }=[!   Vaults:5 }!([!%!

Annotations:
Swamp:2 exclusion: Roxanne, Roxanne
Swamp:3 exclusion: upstairs


Innate Abilities, Weirdness & Mutations

You are frail (-10% HP).


Message History

The hill giant is drained!
The stone giant is engulfed in negative energy.
The stone giant is drained!
The hill giant is engulfed in negative energy.
The hill giant is drained!
The ushabti shakes and rattles.
The vile air hits the iron troll.
The vile air hits the stone giant.
The iron troll is engulfed in negative energy.
The iron troll is drained!
Evoke which item? (* to show all) (? for menu, Esc to quit)
Okay, then.
The stone giant rages.
The stone giant is engulfed in negative energy.
The stone giant is drained!
The stone giant rages.
The hill giant is engulfed in negative energy.
The hill giant is drained!
The mummy priest calls down the wrath of its god upon you.
Something smites you!
You die...

#.8....#
#.§.MW.#
#.§§.M.#
#.§§..$#
#.§.z..#
#..CZT.#
#...CC.#
#..†h†.#
#..$@†.#
#..<...#
#.=.<..#
########


You could see an iron troll (berserk), 2 stone giants, a mummy priest, a hill
giant (berserk), a spectral four-headed hydra, a black bear (berserk), a shadow
(invisible), a flying skull and a mummy.

Vanquished Creatures
  the royal jelly (Slime:6)
  2 ancient liches
  7 greater mummies
  Frederick (Vaults:2)
  A profane servitor (Crypt:3)
  A golden dragon (Vaults:5)
  Arachne (Spider:4)
  A lich (Tomb:2)
  Jorgrun (Swamp:4)
  2 tentacled monstrosities (Vaults:5)
  A titan (Vaults:4)
  16 acid blobs
  9 sphinxes
  Agnes (Vaults:2)
  8 ancient champions
  5 storm dragons
  3 shadow dragons
  3 tengu reavers
  4 fire giants
  5 azure jellies
  3 revenants (Crypt:3)
  An iron dragon (Vaults:4)
  5 deep elf sorcerers
  3 frost giants
  11 vault wardens
  An emperor scorpion (Spider:3)
  6 ghouls
  A reaper (Crypt:2)
  2 stone giants
  15 ironheart preservers
  2 very ugly things (Vaults:4)
  A war gargoyle (Vaults:5)
  A juggernaut skeleton (Crypt:3)
  2 deep elf demonologists
  3 bennus
  A deep elf annihilator (Vaults:4)
  A mottled draconian (Vaults:4)
  A small abomination (Vaults:4)
  A minotaur (Lab)
  3 deep elf death magi
  4 death oozes
  2 eidola (Crypt:3)
  13 ettins
  34 vault guards
  28 mummy priests
  2 fire dragons (Vaults:5)
  4 deep elf high priests
  6 jiangshi
  An ice dragon (Vaults:4)
  12 yaktaur captains
  11 hydras
  A death knight (Crypt:2)
  5 ogre magi (Vaults:4)
  2 great orbs of eyes
  2 centaur warriors
  A ghost crab (Swamp:3)
  4 alligators (Swamp:3)
  2 deep troll shamans (Vaults:4)
  A queen ant (Spider:4)
  3 death yaks (Lair:4)
  A deep troll earth mage (Vaults:5)
  2 orc high priests (Orc:4)
  3 vampire magi
  4 spriggans
  A titan skeleton (Crypt:3)
  2 iron trolls (Tomb:2)
  21 skeletal warriors
  A deep elf knight (Vaults:5)
  A fire crab (Vaults:4)
  2 unseen horrors
  A golden dragon zombie (Tomb:2)
  4 deep trolls
  A storm dragon skeleton (Tomb:3)
  5 phantasmal warriors
  12 anubis guards
  A spriggan druid (Swamp:2)
  2 shambling mangroves
  3 deep elf summoners (Vaults:4)
  A shadow dragon zombie (Crypt:2)
  A swamp dragon (shapeshifter) (Vaults:4)
  47 death scarabs
  3 ironbrand convokers
  3 wizards (D:14)
  5 deep elf conjurers
  A shining eye (Slime:5)
  3 hill giants
  5 swamp dragons
  The ghost of truemonolith the Grappler, an experienced DrMo of Cheibriados (D:7)
  17 wolf spiders
  An orb spider (Spider:4)
  A necromancer (Vaults:1)
  A flayed ghost (Crypt:1)
  4 orc sorcerers
  8 orc knights
  A cyclops (D:14)
  A frost giant zombie (Crypt:2)
  A fire giant zombie (Crypt:3)
  A hornet (Vaults:5)
  11 ugly things
  2 griffons
  A manticore (D:14)
  A toenail golem (Volcano)
  10 vault sentinels
  2 elephants (Lair:8)
  A centaur zombie (D:11)
  2 fire giant skeletons
  A black mamba (Lair:6)
  5 eyes of devastation
  2 guardian serpents (Vaults:4)
  16 spiny frogs
  2 gargoyles
  2 torpor snails
  A torpor snail (shapeshifter) (Vaults:5)
  8 komodo dragons
  An efreet (Volcano)
  7 demonic crawlers
  A grey draconian zombie (Crypt:1)
  7 yaktaurs
  The ghost of George the Cudgeler, an experienced GrFi of Okawaru (D:5)
  7 fire drakes
  10 trolls
  32 guardian mummies
  6 deep elf priests
  5 giant leeches
  2 yaktaur skeletons (Vaults:1)
  A queen bee (shapeshifter) (Vaults:5)
  A red devil (Volcano)
  A troll (shapeshifter) (Vaults:1)
  7 jumping spiders
  7 freezing wraiths
  2 polar bears (Tomb:2)
  Grinder (D:3)
  11 two-headed ogres
  5 boulder beetles
  Prince Ribbit (D:7)
  13 bog bodies
  A harpy skeleton (Vaults:1)
  18 blink frogs
  58 slime creatures
  13 ushabtiu
  An ettin zombie (Tomb:2)
  A shadow (Crypt:2)
  24 redbacks
  Sigmund (D:3)
  3 deep elf magi
  7 trapdoor spiders
  2 wraiths (Crypt:2)
  A wind drake zombie (Crypt:3)
  2 wyverns
  A fire dragon skeleton (Crypt:3)
  5 vampires
  6 flying skulls (Tomb:1)
  A hungry ghost (D:15)
  A steam dragon (D:11)
  Eustachio (D:4)
  11 tarantellas
  21 humans
  13 deep elf fighters
  6 golden eyes (Slime:1)
  55 yaks
  2 basilisks
  A steam dragon (shapeshifter) (Vaults:5)
  13 vampire mosquitoes
  3 hippogriffs
  A soldier ant (shapeshifter) (D:14)
  7 swamp worms
  13 insubstantial wisps
  3 mottled dragons
  A hog (D:9)
  9 porcupines
  3 wargs
  7 water moccasins
  A hell hound (Volcano)
  A torturous demonspawn skeleton (Crypt:3)
  Duvessa (D:4)
  14 spiders
  44 orc warriors
  22 soldier ants
  8 wasps
  A fire dragon simulacrum (Crypt:3)
  A black bear (shapeshifter) (Vaults:2)
  6 eyes of draining
  7 swamp drakes
  4 ice beasts
  4 sky beasts
  28 ogres
  3 necrophages
  An orc zombie (Vaults:1)
  An anubis guard zombie (Crypt:3)
  A black bear (Tomb:2)
  A centaur (D:6)
  11 crocodiles
  A brain worm (Lair:8)
  Blork the orc (D:6)
  27 giant frogs
  2 big kobolds
  2 scorpions
  Dowan (D:4)
  A hippogriff zombie (Crypt:1)
  A queen bee zombie (Crypt:2)
  8 wights
  An electric eel (Lair:8)
  An orc simulacrum (Vaults:1)
  A gnoll shaman (D:6)
  5 crimson imps
  31 orc wizards
  2 giant frog zombies
  30 jellies
  8 iguanas
  31 orc priests
  2 centaur skeletons
  20 worker ants
  Terence (D:3)
  A killer bee zombie (D:7)
  2 sheep (D:9)
  A hound zombie (D:5)
  A worker ant zombie (D:7)
  A hound skeleton (D:7)
  31 mummies
  Robin (D:4)
  8 adders
  4 gnolls (D:6)
  39 river rats
  An ooze (D:3)
  7 worms
  An adder skeleton (Crypt:1)
  6 giant geckos
  262 orcs
  3 ball pythons
  3 giant cockroaches
  11 hobgoblins
  12 jackals
  19 kobolds
  4 quokkas
  7 bats
  A giant gecko zombie (D:7)
  3 giant newts
  8 goblins
  An orc skeleton (Crypt:3)
  9 rats
  A crawling corpse (Vaults:4)
  9 fungi
  11 plants (Lair:8)
1765 creatures vanquished.

Vanquished Creatures (collateral kills)
  4 greater mummies (Tomb:2)
  A titan (Vaults:4)
  3 acid blobs (Slime:6)
  2 sphinxes (Tomb:1)
  A frost giant (Vaults:5)
  An orc warlord (Orc:4)
  An ironheart preserver (Vaults:5)
  A stone giant (Tomb:1)
  A war gargoyle (Vaults:5)
  A bennu (Tomb:1)
  2 death oozes (Slime:6)
  4 vault guards (Vaults:5)
  4 orc high priests (Orc:4)
  3 death yaks (Lair:4)
  3 death scarabs (Tomb:2)
  A wolf spider (Spider:1)
  2 anubis guards
  An orb spider (Spider:1)
  An ironbrand convoker (Vaults:5)
  A shadow dragon skeleton (Tomb:1)
  2 orc knights (Orc:4)
  2 elephants (Lair:8)
  3 vault sentinels (Vaults:5)
  A spiny frog (Lair:8)
  A demonic crawler (Spider:3)
  A red devil (Volcano)
  A freezing wraith (Vaults:5)
  A guardian mummy (Tomb:1)
  A jumping spider (Spider:3)
  A two-headed ogre (Vaults:4)
  A blink frog (Lair:8)
  2 redbacks (Spider:3)
  A hippogriff (Lair:8)
  2 tarantellas
  A warg (Orc:4)
  3 soldier ants (Spider:4)
  A hell hound (Volcano)
  15 orc warriors
  A swamp drake (Swamp:2)
  2 ogres (Orc:4)
  An electric eel (Lair:8)
  A crimson imp (Volcano)
  An orc priest (Orc:4)
  5 mummies (Tomb:2)
  14 orcs
103 creatures vanquished.

Vanquished Creatures (others)
  A fire giant (Vaults:5)
  A jiangshi (Crypt:3)
  An alligator (Swamp:3)
  An ugly thing (Vaults:1)
  A hornet (Swamp:3)
  A spiny frog (Swamp:3)
  An anaconda simulacrum (Tomb:3)
  A guardian mummy (Crypt:3)
  A spriggan (Swamp:3)
  9 flying skulls
  A vampire mosquito (Swamp:3)
  2 swamp drakes (Swamp:3)
  2 ogres (Tomb:2)
  A wasp (Swamp:3)
  2 black bears (Tomb:2)
  2 mummies (Tomb:2)
  A fungus (Lair:8)
  3 lost souls
  5 plants
37 creatures vanquished.

Grand Total: 1905 creatures vanquished

Notes
Turn   | Place    | Note
--------------------------------------------------------------
     0 | D:1      | brucemayne the Hill Orc Berserker began the quest for the Orb.
     0 | D:1      | Reached XP level 1. HP: 19/19 MP: 1/1
    51 | D:2      | Reached XP level 2. HP: 21/26 MP: 2/2
    69 | D:2      | Reached skill level 5 in Axes
    91 | D:2      | Reached XP level 3. HP: 17/31 MP: 3/3
   240 | D:1      | Acquired Trog's second power
   387 | D:3      | Reached skill level 6 in Axes
   394 | D:3      | Noticed Terence
   394 | D:3      | Noticed Grinder
   445 | D:3      | Killed Terence
   445 | D:3      | Reached XP level 4. HP: 39/39 MP: 4/4
   499 | D:3      | Killed Grinder
   499 | D:3      | Reached skill level 8 in Axes
   499 | D:3      | Reached XP level 5. HP: 45/45 MP: 5/5
   499 | D:3      | Reached XP level 6. HP: 51/51 MP: 6/6
   554 | D:3      | Reached skill level 9 in Axes
   696 | D:4      | Noticed Robin
   705 | D:4      | Killed Robin
   722 | D:4      | Found a bloodstained altar of Trog.
   836 | D:4      | Noticed Dowan
   850 | D:4      | Killed Dowan
   912 | D:4      | Noticed Duvessa
   926 | D:4      | Killed Duvessa
   926 | D:4      | Reached skill level 10 in Axes
   926 | D:4      | Reached XP level 7. HP: 42/57 MP: 7/7
   982 | D:5      | Entered Level 5 of the Dungeon
  1063 | D:6      | Noticed Blork the orc
  1080 | D:6      | Killed Blork the orc
  1199 | D:6      | Reached skill level 11 in Axes
  1383 | D:7      | Reached XP level 8. HP: 64/64 MP: 8/8
  1392 | D:7      | Reached skill level 12 in Axes
  1526 | D:8      | Found Hoesm's Gadget Shoppe.
  1719 | D:9      | Reached skill level 13 in Axes
  1929 | D:9      | Found a staircase to the Orcish Mines.
  1999 | D:9      | Acquired Trog's third power
  2018 | Orc:1    | Entered Level 1 of the Orcish Mines
  2043 | Orc:2    | Noticed an orc knight
  2062 | Orc:1    | Reached XP level 9. HP: 32/73 MP: 9/9
  2146 | Orc:1    | Reached skill level 5 in Fighting
  2219 | Orc:2    | Killed an orc knight
  2226 | Orc:2    | Reached skill level 14 in Axes
  2226 | Orc:2    | Reached skill level 5 in Armour
  2723 | Orc:1    | Reached skill level 15 in Axes
  2842 | Orc:1    | Noticed a troll
  2862 | Orc:1    | Killed a troll
  2862 | Orc:1    | Reached XP level 10. HP: 83/83 MP: 10/10
  2893 | Orc:1    | Noticed a troll
  2945 | Orc:1    | Killed a troll
  2945 | Orc:1    | Reached skill level 16 in Axes
  3191 | Orc:3    | Found a roughly hewn altar of Beogh.
  3319 | Orc:4    | Entered Level 4 of the Orcish Mines
  3404 | Orc:4    | Reached skill level 17 in Axes
  3556 | Orc:4    | Noticed an ettin
  3580 | Orc:4    | Killed an ettin
  3580 | Orc:4    | Reached skill level 18 in Axes
  3647 | Orc:4    | Reached XP level 11. HP: 79/89 MP: 11/11
  3672 | Orc:4    | Received a gift from Trog
  3834 | Orc:4    | Noticed an orc knight
  3870 | Orc:4    | Killed an orc knight
  3870 | Orc:4    | Reached skill level 19 in Axes
  4003 | Orc:4    | Found a staircase to the Elven Halls.
  4122 | Orc:4    | Noticed an orc warlord
  4140 | Orc:4    | Killed an orc warlord
  4181 | Orc:4    | Noticed an orc sorcerer
  4192 | Orc:4    | Killed an orc sorcerer
  4205 | Orc:4    | Noticed an orc high priest
  4206 | Orc:4    | Noticed an orc high priest
  4210 | Orc:4    | Killed an orc high priest
  4210 | Orc:4    | Reached skill level 20 in Axes
  4212 | Orc:4    | Killed an orc high priest
  4240 | Orc:4    | Noticed an orc high priest
  4256 | Orc:4    | Noticed an ice devil
  4258 | Orc:4    | Noticed a sun demon
  4262 | Orc:4    | Killed an ice devil
  4265 | Orc:4    | Killed an orc high priest
  4275 | Orc:4    | Found Qekhos's Jewellery Boutique.
  4301 | Orc:4    | Found a roughly hewn altar of Beogh.
  4309 | Orc:4    | Noticed an orc high priest
  4327 | Orc:4    | Noticed a soul eater
  4331 | Orc:4    | Killed an orc high priest
  4442 | Orc:4    | Found Ycoicwitt's Gadget Shop.
  4474 | Orc:4    | Noticed an orc high priest
  4476 | Orc:4    | Noticed a sun demon
  4482 | Orc:4    | Killed a sun demon
  4483 | Orc:4    | Noticed an orc high priest
  4485 | Orc:4    | Killed an orc high priest
  4491 | Orc:4    | Killed an orc high priest
  4491 | Orc:4    | Reached skill level 21 in Axes
  4530 | Orc:4    | Bought an uncursed ring of see invisible for 225 gold pieces
  4530 | Orc:4    | Bought a cursed ring of teleportation for 217 gold pieces
  4614 | Orc:4    | Received a gift from Trog
  4627 | Orc:4    | Reached XP level 12. HP: 96/96 MP: 12/12
  4630 | Orc:4    | Found a roughly hewn altar of Beogh.
  4654 | Orc:4    | Noticed an orc knight
  4654 | Orc:4    | Noticed an orc knight
  4674 | Orc:4    | Killed an orc knight
  4678 | Orc:4    | Killed an orc knight
  4778 | Orc:4    | Found Igrogatt's Antique Armour Boutique.
  4787 | Orc:4    | Found Kampir's Distillery.
  4848 | Orc:4    | Bought a pair of runed boots for 135 gold pieces
  4853 | Orc:4    | Identified a +1 pair of boots of running (You bought it in a shop on level 4 of the Orcish Mines)
  4857 | Orc:4    | Bought a cloak for 135 gold pieces
  4872 | Orc:4    | Bought a potion of heal wounds for 65 gold pieces
  4872 | Orc:4    | Bought a potion of might for 52 gold pieces
  4872 | Orc:4    | Bought a potion of curing for 39 gold pieces
  4975 | Orc:1    | You fall through a shaft!
  5214 | D:10     | Entered Level 10 of the Dungeon
  5459 | D:11     | Received a gift from Trog
  5537 | D:11     | Found a staircase to the Lair.
  5537 | D:11     | Noticed an eight-headed hydra
  5549 | D:11     | Killed a 14-headed hydra
  5786 | D:11     | Found a labyrinth entrance.
  5793 | Lab      | Entered a labyrinth
  6806 | Lab      | Noticed a minotaur
  6817 | Lab      | Killed a minotaur
  6982 | D:11     | Reached XP level 13. HP: 65/112 MP: 4/13
  7029 | Lair:1   | Entered Level 1 of the Lair of Beasts
  7097 | Lair:2   | Reached skill level 10 in Fighting
  7217 | Lair:2   | Got a twitching amethyst amulet
  7222 | Lair:2   | Identified the amulet of Xom's Capriciousness {+Rage Int+2 Dex+3} (You found it on level 2 of the Lair of Beasts)
  7271 | Lair:2   | Reached skill level 22 in Axes
  7422 | Lair:3   | Received a gift from Trog
  7434 | Lair:3   | Reached skill level 10 in Armour
  7528 | Lair:4   | Found a staircase to the Swamp.
  7631 | Lair:4   | Found a dark tunnel.
  7644 | Volcano  | Entered a volcano
  7930 | Lair:6   | Found a staircase to the Slime Pits.
  8154 | Lair:7   | Reached XP level 14. HP: 121/121 MP: 14/14
  8244 | Lair:8   | Entered Level 8 of the Lair of Beasts
  8280 | Lair:8   | Reached skill level 23 in Axes
  8306 | Lair:8   | Received a gift from Trog
  8670 | Lair:8   | Got a twisted whip
  8875 | Lair:7   | Received a gift from Trog
  9094 | Lair:5   | Found a hole to the Spider Nest.
  9224 | Swamp:1  | Entered Level 1 of the Swamp
  9441 | Swamp:2  | Reached skill level 5 in Dodging
  9583 | Swamp:2  | Identified a scroll of acquirement
  9584 | Swamp:2  | Got a heavily runed cloak
  9595 | Swamp:2  | Identified the +3 cloak of Dithmenos's Favour {rN++ Str-3 Slay+3} (You acquired it on level 2 of the Swamp)
  9610 | Swamp:2  | Received a gift from Trog
  9725 | Swamp:3  | Paralysed by a hornet for 3 turns
  9754 | Swamp:3  | Reached skill level 24 in Axes
  9756 | Swamp:3  | Reached XP level 15. HP: 57/133 MP: 15/15
 10000 | Swamp:2  | Noticed Roxanne
 10043 | Swamp:4  | Entered Level 4 of the Swamp
 10101 | Swamp:4  | Noticed Jorgrun
 10118 | Swamp:4  | Killed Jorgrun
 10442 | Swamp:4  | Got a decaying rune of Zot
 10724 | Spider:1 | Entered Level 1 of the Spider Nest
 11167 | Spider:3 | Reached skill level 25 in Axes
 11395 | Spider:4 | Entered Level 4 of the Spider Nest
 11578 | Spider:4 | Reached XP level 16. HP: 107/147 MP: 16/16
 11693 | Spider:4 | Reached skill level 15 in Fighting
 11717 | Spider:4 | Noticed Arachne
 11751 | Spider:4 | Killed Arachne
 11774 | Spider:4 | Received a gift from Trog
 12094 | Spider:4 | Got a gossamer rune of Zot
 12791 | D:13     | Reached skill level 1 in Evocations
 12919 | D:15     | Entered Level 15 of the Dungeon
 13063 | D:14     | Found a gate to the Vaults.
 13114 | Vaults:1 | Entered Level 1 of the Vaults
 13178 | Vaults:2 | Noticed Frederick
 13191 | Vaults:2 | Killed Frederick
 13191 | Vaults:2 | Reached skill level 26 in Axes
 13313 | Vaults:2 | Noticed Agnes
 13322 | Vaults:2 | Killed Agnes
 13328 | Vaults:2 | Received a gift from Trog
 13477 | Vaults:5 | Entered Level 5 of the Vaults
 13670 | Vaults:5 | Reached XP level 17. HP: 137/156 MP: 20/20
 13685 | Vaults:5 | Reached skill level 10 in Dodging
 13694 | Vaults:5 | Noticed a titan
 13699 | Vaults:5 | Noticed an ancient lich
 13709 | Vaults:4 | Killed a titan
 13763 | Vaults:4 | Reached skill level 15 in Armour
 13766 | Vaults:4 | Gained mutation: Your magical capacity is low (-10% MP). [mutagenic glow]
 13965 | Vaults:4 | Received a gift from Trog
 14131 | Vaults:4 | Reached XP level 18. HP: 39/166 MP: 6/19
 14170 | Vaults:4 | Gained mutation: You are frail (-10% HP). [mutagenic glow]
 14388 | Vaults:4 | Noticed a quicksilver dragon
 14488 | Vaults:4 | Killed an ancient lich
 14540 | Vaults:5 | Noticed a tentacled monstrosity
 14626 | Vaults:5 | Noticed a sphinx
 14631 | Vaults:5 | Killed a tentacled monstrosity
 14642 | Vaults:4 | Killed a sphinx
 14642 | Vaults:4 | Received a gift from Trog
 14719 | Vaults:5 | Gained mutation: You occasionally shout uncontrollably at your foes. [a neqoxec]
 14721 | Vaults:5 | Gained mutation: Your body sometimes deteriorates upon taking damage. [a neqoxec]
 14889 | Vaults:5 | Noticed a titan
 14889 | Vaults:5 | HP: 4/153 [ironheart preserver/dire flail (5)]
 15751 | Vaults:4 | Killed a titan
 16083 | Vaults:4 | Reached XP level 19. HP: 84/161 MP: 7/19
 16219 | Vaults:5 | Noticed a sphinx
 16267 | Vaults:5 | Killed a sphinx
 16517 | Vaults:5 | Paralysed by an orc sorcerer for 6 turns
 16668 | Vaults:5 | Found Raemm's Distillery.
 16672 | Vaults:5 | Bought 2 potions of heal wounds for 230 gold pieces
 16672 | Vaults:5 | Bought a potion of haste for 230 gold pieces
 16672 | Vaults:5 | Bought a potion of haste for 230 gold pieces
 16692 | Vaults:5 | Found Foegurergh's Food Shoppe.
 16700 | Vaults:5 | Found Gottaurr's Distillery.
 17242 | Vaults:5 | Got a silver rune of Zot
 17428 | Vaults:5 | Noticed a golden dragon
 17444 | Vaults:5 | Killed a golden dragon
 17458 | Vaults:5 | Noticed a tentacled monstrosity
 17488 | Vaults:5 | Killed a tentacled monstrosity
 17585 | Vaults:5 | Identified Vedauz's Disquisition on Dusty Changing (You found it on level 5 of the Vaults)
 17698 | Vaults:5 | Bought a potion of cure mutation for 770 gold pieces
 17700 | Vaults:5 | Lost mutation: Your body sometimes deteriorates upon taking damage. [potion of cure mutation]
 17700 | Vaults:5 | Lost mutation: Your magical capacity is low (-10% MP). [potion of cure mutation]
 17700 | Vaults:5 | Lost mutation: You are frail (-10% HP). [potion of cure mutation]
 17700 | Vaults:5 | Lost mutation: You occasionally shout uncontrollably at your foes. [potion of cure mutation]
 17771 | Vaults:5 | Found Upsuceshan's Antique Weapon Shoppe.
 17804 | Vaults:5 | Found Waoxufen's Gadget Boutique.
 17805 | Vaults:5 | Found Dutar's Distillery.
 18043 | Vaults:5 | Found Rerrel's Antique Armour Boutique.
 18194 | Vaults:5 | Bought a glowing helmet for 171 gold pieces
 18230 | Vaults:5 | Reached XP level 20. HP: 174/193 MP: 7/23
 18282 | Vaults:5 | Bought a potion of haste for 220 gold pieces
 18838 | D:14     | Received a gift from Trog
 19265 | Slime:1  | Entered Level 1 of the Pits of Slime
 19275 | Slime:1  | Reached skill level 5 in Evocations
 20613 | Slime:6  | Entered Level 6 of the Pits of Slime
 20736 | Slime:5  | Reached skill level 10 in Evocations
 20839 | Slime:6  | Noticed the royal jelly
 20857 | Slime:6  | Killed the royal jelly
 20857 | Slime:6  | Reached XP level 21. HP: 92/201 MP: 10/29
 20967 | Slime:5  | Gained mutation: You are frail (-10% HP). [a shining eye]
 21406 | Slime:6  | Got a fine golden ring
 21424 | Slime:6  | Got a slimy rune of Zot
 21426 | Slime:6  | Got a steaming glass ring
 21532 | Lair:6   | Identified the ring "Aluc Zum" {rElec rPois rF+ rC- Int-3} (You found it on level 6 of the Pits of Slime)
 21534 | Lair:6   | Identified the ring "Jyodutol" {+Fly rF+} (You found it on level 6 of the Pits of Slime)
 21804 | D:7      | Noticed truemonolith's ghost (experienced DrMo)
 21810 | D:7      | Killed truemonolith's ghost
 21851 | D:7      | Noticed Prince Ribbit
 21858 | D:7      | Killed Prince Ribbit
 21860 | D:7      | Found a basalt altar of Yredelemnul.
 21860 | D:7      | Found a stormy altar of Qazlal.
 21861 | D:7      | Found a snail-covered altar of Cheibriados.
 21893 | D:7      | Found a shattered altar of Ashenzari.
 22281 | D:5      | Found Foda Nifymall's Armour Shop.
 22282 | D:5      | Noticed George's ghost (experienced GrFi)
 22292 | D:5      | Killed George's ghost
 22313 | D:5      | Found an iron altar of Okawaru.
 22330 | D:4      | Found a staircase to the Ecumenical Temple.
 22353 | D:4      | Noticed Eustachio
 22370 | D:4      | Killed Eustachio
 22383 | Temple   | Entered the Ecumenical Temple
 22502 | D:3      | Noticed Sigmund
 22509 | D:3      | Killed Sigmund
 22619 | D:2      | Found a deep blue altar of Sif Muna.
 23134 | D:6      | Found a shimmering altar of Xom.
 23134 | D:6      | Found a burning altar of Makhleb.
 23352 | D:8      | Found a glowing golden altar of the Shining One.
 23359 | D:8      | Fell from the grace of Trog
 23359 | D:8      | Became a worshipper of the Shining One
 23635 | D:14     | Identified a +3 rod of ignition (13/13) (You found it on level 6 of the Pits of Slime)
 23636 | D:14     | Identified a +2 rod of destruction (12/12) (You found it on level 6 of the Pits of Slime)
 23658 | D:14     | Learned a level 1 spell: Apportation
 23661 | D:14     | Learned a level 2 spell: Blink
 23666 | D:14     | Learned a level 4 spell: Passage of Golubria
 23719 | Vaults:2 | Found Miat's Antique Armour Shoppe.
 23831 | Vaults:2 | Found a staircase to the Crypt.
 23839 | Crypt:1  | Entered Level 1 of the Crypt
 23870 | Crypt:1  | Acquired the Shining One's first power
 23900 | Crypt:1  | Acquired the Shining One's second power
 24008 | Crypt:2  | Reached skill level 1 in Invocations
 24180 | Crypt:3  | Entered Level 3 of the Crypt
 24197 | Crypt:2  | Acquired the Shining One's third power
 24197 | Crypt:2  | Reached skill level 5 in Invocations
 24328 | Crypt:3  | Acquired the Shining One's fourth power
 24377 | Crypt:3  | Reached skill level 10 in Invocations
 24495 | Crypt:3  | Found a staircase to the Tomb.
 24590 | Crypt:3  | Noticed an ancient lich
 24600 | Crypt:3  | Killed an ancient lich
 24600 | Crypt:3  | Reached XP level 22. HP: 183/189 MP: 10/31
 24602 | Crypt:3  | Identified a +9 executioner's axe of holy wrath (a +8 antimagic executioner's axe blessed by the Shining One)
 24602 | Crypt:3  | Received a gift from the Shining One
 24632 | Tomb:1   | Entered Level 1 of the Tomb of the Ancients
 24676 | Tomb:1   | Upgraded the game from 0.17-a0-1954-g0dddeaa to 0.17-a0-1970-g7a13dd1
 24719 | Tomb:1   | Paralysed by a sphinx for 2 turns
 24751 | Tomb:1   | Noticed a greater mummy
 24758 | Tomb:1   | Killed a greater mummy
 24764 | Tomb:1   | Reached skill level 15 in Invocations
 24846 | Tomb:1   | Reached skill level 1 in Translocations
 24848 | Tomb:1   | Reached skill level 1 in Spellcasting
 25055 | Tomb:2   | Noticed a greater mummy
 25055 | Tomb:2   | Noticed a greater mummy
 25055 | Tomb:2   | Noticed a greater mummy
 25055 | Tomb:2   | Noticed a greater mummy
 25065 | Tomb:2   | Killed a greater mummy
 25074 | Tomb:2   | Killed a greater mummy
 25078 | Tomb:2   | Killed a greater mummy
 25098 | Tomb:2   | Killed a greater mummy
 25227 | Tomb:2   | Reached skill level 5 in Translocations
 25645 | Tomb:3   | Entered Level 3 of the Tomb of the Ancients
 25667 | Tomb:3   | Reached XP level 23. HP: 170/195 MP: 34/34
 25671 | Tomb:3   | Noticed a greater mummy
 25676 | Tomb:3   | Noticed a greater mummy
 25683 | Tomb:3   | Noticed a greater mummy
 26036 | Tomb:3   | Noticed a greater mummy
 26041 | Tomb:3   | Noticed a greater mummy
 26042 | Tomb:3   | Killed a greater mummy
 26044 | Tomb:3   | Killed a greater mummy
 26246 | Tomb:2   | Killed a greater mummy
 26570 | Tomb:3   | Noticed a greater mummy
 26576 | Tomb:3   | Killed a greater mummy
 26577 | Tomb:3   | Killed a greater mummy
 26577 | Tomb:3   | Reached skill level 10 in Translocations
 26630 | Tomb:3   | Killed a greater mummy
 26758 | Tomb:3   | The Shining One protects you from harm!
 26760 | Tomb:3   | Killed from afar by a mummy priest

Vault maps used:
D:1:      lightli_iron_boxes
D:2:      lemuel_blue_sif_altar, minmay_surrounded
D:3:      dk_vineyard_1, nicolae_ru_path_of_blood, uniq_terence, uniq_sigmund,
          uniq_grinder
D:4:      lightli_temple_of_fire, minmay_temple_entry_statues_fountains,
          first_bread, uniq_eustachio, uniq_duvessa, uniq_robin
D:5:      nicolae_overflow_hidden_temple, serial_shops,
          nicolae_shop_temple_entry_statues_fountains
D:6:      grunt_temple_overflow_champion_of_chaos, portal_sewer_entry_f,
          uniq_blork_the_orc
D:7:      gammafunk_temple_overflow_claw, overflow_temple_1_default,
          uniq_prince_ribbit1, uniq_joseph
D:8:      lemuel_crystal_altar, lemuel_round_altar, serial_shops,
          nicolae_shop_trees
D:9:      erik_orc_3, serial_glass, glass_columns_a, glass_columns_b,
          grunt_livestock, minmay_nine_imps
D:10:     serial_bayou_ford_a, uniq_psyche
D:11:     minmay_lair_entry_grove, lab_entry_generic
D:13:     grunt_decor_cap, yredelemnul_altar_generic, uniq_kirke
D:14:     kennysheep_snake, grunt_vaults_entry_tiered, minmay_misc_feat_room,
          trog_ov_bears_minmay
D:15:     gammafunk_enter_depths_forms, basic_altar,
          hangedman_abyss_or_decor_jellyfish_corner, fountainhead
Temple:   minmay_temple_bridge_a_8
Lair:1:   beast_lair_carwin_large_2, st_stairs_8, serial_bayou_lagoon_a,
          nicolae_quartered_pool_super, grunt_forest_small_clearings,
          worms_lemuel
Lair:2:   bh_autumn_forest_stairs
Lair:3:   serial_bayou_shore_b
Lair:4:   swamp_mist, nicolae_volcano_entry_hallway
Lair:5:   nicolae_spider_entry_non_spiders, grunt_forest_stairs_basic,
          grunt_megastairs_2, uniq_nessos
Lair:6:   dragon1_lemuel, minmay_slime_entry_pillars
Lair:7:   statuecave_lemuel, serial_bayou_pond_c, uniq_rupert
Lair:8:   minmay_lair_end_frog_pond, basic_altar
Swamp:1:  evilmike_swamp_ruin_rubble_1, swamp_pool3, nicolae_swamp_snake_nest,
          infiniplex_staircase_pool
Swamp:2:  evilmike_swamp_ruin_house_6, uniq_roxanne
Swamp:3:  evilmike_swamp_ruin_house_3
Swamp:4:  swamp_alternative, swamp_pool5, infiniplex_staircase_pool_2,
          uniq_jorgrun
Spider:1: spider_trap
Spider:2: portal_ice_cave_entry_ugly_swarm, spider_trap
Spider:3: nicolae_spider_webbed_stairs
Spider:4: grunt_spider_rune_parallel, minivault_29, uniq_arachne
Slime:6:  uniq_dissolution
Orc:3:    basic_altar, nicolae_orc_pool_cavern, uniq_maud
Orc:4:    pubby_orc_utopia, serial_shops
Vaults:1: grunt_vaults_hallway_short, st_quartered_hall, hangedman_vaults_slice,
          v_pattern_5, nicolae_vaults_big_angled_halls, nicolae_vaults_big_ls,
          nicolae_vaults_angled_halls, hangedman_vaults_variations,
          vaults_room_fancy_cross, vaults_room_large_hall,
          ontoclasm_vaults_ligature, nicolae_vaults_circle_grid_b,
          ontoclasm_vaults_loading_screen, vaults_room_fours
Vaults:2: minmay_crypt_entry_vampire_xt, sword_in_stone, ontoclasm_vaults_eye,
          hangedman_vaults_river_flow, vaults_room_large_hall,
          nicolae_vaults_diagonal_hallway_6, v_misc_12,
          nicolae_vaults_border_crossing, serial_shops, shop, uniq_frederick
Vaults:3: vaults_room_ringed_pool, ontoclasm_vaults_twist,
          vaults_mumra_minichess_inversion, nicolae_vaults_alarming,
          ontoclasm_vaults_pinch, ontoclasm_vaults_ring_small
Vaults:4: st_greater_box_3, ontoclasm_vaults_ring_small, v_misc_30,
          vaults_standard_mumra_x, v_misc_2, hangedman_vaults_restitches,
          vaults_room_door_hall, vaults_mumra_hex,
          hangedman_vaults_corner_blocks, v_misc_19, v_misc_25,
          nicolae_vaults_rhombus_6, v_misc_25
Crypt:1:  minmay_shadows
Crypt:2:  basic_altar
Crypt:3:  lightli_unholy_cathedral, grunt_ministairs_11
Lab:      nicolae_lab_dead_adventurers, nicolae_lab_do_over, nicolae_lab_statue,
          nicolae_lab_big_swirl, nicolae_lab_swirl, labyrinth_skeletal_remains
Volcano:  volcano_caves

Action                   |  1- 3 |  4- 6 |  7- 9 | 10-12 | 13-15 | 16-18 | 19-21 | 22-24 || total
-------------------------+-------+-------+-------+-------+-------+-------+-------+-------++-------
Melee: Hand axe          |    74 |    87 |   522 |   118 |       |       |       |       ||   801
       War axe           |       |       |       |   455 |       |       |       |       ||   455
       Battleaxe         |       |       |       |   195 |   919 |   575 |   399 |       ||  2088
       Broad axe         |       |       |       |       |       |    14 |       |       ||    14
       Executioner's axe |       |       |       |       |       |   205 |   937 |   331 ||  1473
 Cast: Blink             |       |       |       |       |       |       |       |     2 ||     2
Invok: Berserk           |     4 |     2 |    11 |     9 |     4 |     6 |     7 |       ||    43
       Trog's Hand       |     1 |     2 |     2 |     5 |    11 |    21 |    19 |       ||    61
       Brothers in Arms  |       |       |     1 |     7 |    10 |     7 |    14 |       ||    39
       Summon Divine War |       |       |       |       |       |       |       |    10 ||    10
       Cleansing Flame   |       |       |       |       |       |       |       |    19 ||    19
       Divine Shield     |       |       |       |       |       |       |       |     9 ||     9
       Brand Weapon With |       |       |       |       |       |       |       |     1 ||     1
 Abil: Evoke Teleportati |       |       |       |       |       |     4 |     7 |     2 ||    13
Evoke: Wand              |       |       |       |       |     3 |     4 |    10 |    11 ||    28
  Use: Scroll            |       |       |     6 |     7 |    20 |    12 |    25 |     8 ||    78
       Potion            |       |       |       |     1 |     6 |    12 |     9 |     6 ||    34
 Stab: Sleeping          |     1 |       |       |       |       |       |       |       ||     1
       Distracted        |       |       |       |     1 |       |     2 |       |       ||     3
  Eat: Chunk             |     1 |       |    19 |    22 |    21 |    29 |    18 |       ||   110
       Pizza             |     1 |       |       |     3 |       |     3 |     4 |       ||    11
       Bread ration      |       |     1 |       |       |     1 |       |     7 |     3 ||    12
       Fruit             |       |       |     1 |       |     7 |     1 |       |       ||     9
       Beef jerky        |       |       |       |     2 |     1 |     1 |       |     3 ||     7
       Meat ration       |       |       |       |       |       |       |       |     1 ||     1
